 Dungeon Crawl Stone Soup version 0.27.0-66-gdc8fb28755 (webtiles) character file.

Game seed: 12925765351786155420

44 horus123 the Skirmisher (level 3, 0/22 HPs)
             Began as a Deep Elf Fighter on Aug 19, 2021.
             Slain by a goblin (1 damage)
             ... on level 2 of the Dungeon.
             The game lasted 00:02:31 (1196 turns).

horus123 the Skirmisher (Deep Elf Fighter)          Turns: 1196, Time: 00:02:32

Health: 0/22       AC:  5    Str: 13    XL:     3   Next: 41%
Magic:  5/5        EV:  8    Int: 12    God:
Gold:   25         SH:  8    Dex: 15    Spells: 2/2 levels left

rFire    . . .     SeeInvis .   i - +0 falchion
rCold    . . .     Faith    .   c - +0 kite shield
rNeg     . . .     Spirit   .   f - +0 ring mail
rPois    .         Reflect  .   (no helmet)
rElec    .         Harm     .   (no cloak)
rCorr    .         Rampage  .   (no gloves)
Will     .....                  (no boots)
Stlth    +.........             (no amulet)
HPRegen  0.07/turn              (no ring)
MPRegen  0.09/turn              (no ring)

@: no status effects
A: no striking features
a: no special abilities


You were on level 2 of the Dungeon.
You visited 1 branch of the dungeon, and saw 2 of its levels.

You collected 25 gold pieces.

Inventory:

Hand Weapons
 i - a +0 falchion (weapon)
Armour
 b - a +0 scale mail
 c - a +0 kite shield (worn)
 f - a +0 ring mail (worn)
Scrolls
 g - a scroll of enchant armour {unknown}
 h - a scroll of identify {unknown}
Potions
 a - a potion of attraction {unknown}
 d - a potion of might
 e - a potion of brilliance {unknown}
 j - 2 potions of flight {unknown}


   Skills:
 * Level 2.9 Fighting
 - Level 2.0(2.1) Short Blades
 * Level 0.6(1.3) Long Blades
 + Level 2.6 Armour
 * Level 1.0 Dodging
 + Level 2.8 Shields


You had 2 spell levels left.
You didn't know any spells.
Your spell library was empty.

Dungeon Overview and Level Annotations

Branches:
Dungeon (2/15)

Altars:


Message History

Something hits you but does no damage.
You miss something. Something hits you. Something hits you but does no damage.
You miss something. Something hits you but does no damage.
Your shield prevents you from hitting something.
Something hits you.
A goblin comes into view.
It is wielding a +0 club and quivering datura-tipped darts.
Something hits you.
The goblin shouts!
You hit something.
Reactivating autopickup.
You feel a bit more experienced.
The goblin throws a datura-tipped dart.
You block the datura-tipped dart.
Things that are here:
a +0 whip; 4 stones; a kobold corpse The goblin throws a datura-tipped dart.
The datura-tipped dart barely misses you.
Things that are here:
a +0 whip; 4 stones; a kobold corpse You closely miss the goblin.
You block the goblin's attack. x2
You hit the goblin.
The goblin is moderately wounded.
The goblin hits you with a +0 club.
You closely miss the goblin.
The goblin is moderately wounded.
The goblin hits you with a +0 club.
* * * LOW HITPOINT WARNING * * *
You block the goblin's attack.
You hit the goblin.
The goblin is almost dead.
You block the goblin's attack.
You hit the goblin but do no damage.
The goblin is almost dead.
The goblin hits you with a +0 club.
* * * LOW HITPOINT WARNING * * *
The goblin hits you with a +0 club.
* * * LOW HITPOINT WARNING * * *
You closely miss the goblin.
The goblin is almost dead.
The goblin hits you with a +0 club.
You die...

#.............# ##
#.#######[....###.
#.# #.#....... #.#
#.###.###. #.# #.#
#.# ## #.# #.# #.#
# #.# ..# #.#
##)## .# #.####
#.@.# #.....
#$#.g...... ######
##.........
##...##.## #...# #
#...# #...# #...#


You could see a goblin.

Vanquished Creatures
  An adder (D:2)
  2 dart slugs (D:1)
  5 bats
  3 endoplasms (D:1)
  A giant cockroach (D:1)
  3 hobgoblins (D:1)
  4 jackals (D:2)
  A kobold (D:2)
  A quokka (D:1)
  A ball python (D:2)
  2 frilled lizards
  2 goblins
  2 rats
28 creatures vanquished.

Vanquished Creatures (others)
  A plant (D:2)
1 creature vanquished.

Grand Total: 29 creatures vanquished

Notes
Turn   | Place    | Note
-------+----------+-------------------------------------------
     0 | D:1      | horus123 the Deep Elf Fighter began the quest for the Orb.
     0 | D:1      | Reached XP level 1. HP: 13/13 MP: 3/3
   253 | D:1      | Reached XP level 2. HP: 14/18 MP: 4/4
   905 | D:2      | Reached skill level 1 in Dodging
   913 | D:2      | Reached XP level 3. HP: 22/22 MP: 5/5
  1053 | D:2      | Found a faded altar of an unknown god.
  1195 | D:2      | HP: 1/22 [goblin (2)]
  1196 | D:2      | Slain by a goblin

Illustrated notes

Levels and vault maps discovered:
D:1:      dpeg_arrival_signposts, layout_loops_ring
D:2:      layout_loops_ring, shapermc_ecumenical_altar_acropolis

Skill      XL: |  1  2 |
---------------+-------+-----
Dodging        | 1 |  1.0
Fighting       | |  2.9
Short Blades   | |  2.0
Long Blades    | |  0.6
Armour         | |  2.6
Shields        | |  2.8

Action                   || total
-------------------------++-------
Melee: Rapier            ||    26
       Falchion          ||    63
Armor: Ring mail         ||    36
       Scale mail        ||     4
Dodge: Dodged            ||    26
Block: Kite shield       ||    48
       Rpst.: Falchion   ||     6
